TOP OF THE 1ST |
Pocatello Bellas batting - Pitching for New Orleans Looters : RHP Brad Rowland
|
Pitching: RHP Brad Rowland
|
|
Batting: RHB Buck Jones
|
0-0: Ground out 3-1 (Groundball, 34)
|
Batting: LHB Keith Beard
|
0-0: Foul Ball, location: 2F 0-1: TRIPLE (Line Drive, 9D)
|
Pitching: LHP Dan Rogers
|
|
Batting: SHB Shane Hutchinson
|
0-0: Ball 1-0: Ball 2-0: Called Strike 2-1: Ball 3-1: Base on Balls
|
Batting: LHB Roberto García
|
0-0: Called Strike 0-1: Ball 1-1: Ball 2-1: Fly out, F4 (Line Drive, 4)
|
Batting: RHB Juan Rodríguez
|
0-0: Called Strike 0-1: Ball 1-1: Fly out, F8 (Flyball, 78S)
|
Top of the 1st over - 0 runs, 1 hit, 0 errors, 2 left on base; Pocatello 0 - New Orleans 0 |
BOTTOM OF THE 1ST |
New Orleans Looters batting - Pitching for Pocatello Bellas : RHP Nelson Ortega
|
Pitching: RHP Nelson Ortega
|
|
Batting: LHB Miguel Colón
|
0-0: Called Strike 0-1: Ball 1-1: Ball 2-1: Foul Ball, location: 2F 2-2: SINGLE (Groundball, 5S) (infield hit)
|
Batting: RHB Rubén Vázquez
|
0-0: Ball 1-0: Ball Miguel Colón steals 2nd base 2-0: Swinging Strike 2-1: Ground out 4-3 (Groundball, 4MD) Miguel Colón to third
|
Batting: SHB Arturo Sánchez
|
0-0: Swinging Strike 0-1: Swinging Strike 0-2: Ground out U3 (Groundball, 3)
|
Batting: RHB Dave O'Loan
|
0-0: Swinging Strike 0-1: Swinging Strike 0-2: Strikes out swinging
|
Bottom of the 1st over - 0 runs, 1 hit, 0 errors, 1 left on base; Pocatello 0 - New Orleans 0 |
TOP OF THE 2ND |
Pocatello Bellas batting - Pitching for New Orleans Looters : LHP Dan Rogers
|
Batting: SHB Juan Castro
|
0-0: Called Strike 0-1: Ball 1-1: Foul Ball, location: 2F 1-2: Foul Ball, location: 2F 1-2: Ball 2-2: Fly out, F9 (Flyball, 9LMF)
|
Batting: RHB Júlio Figueroa
|
0-0: Ball 1-0: Called Strike 1-1: Ground out 6-3 (Groundball, 6)
|
Batting: RHB Francisco Ibarra
|
0-0: Called Strike 0-1: Ball 1-1: Ball 2-1: Ball 3-1: Fly out, F9 (Flyball, 9LM)
|
Top of the 2nd over - 0 runs, 0 hits, 0 errors, 0 left on base; Pocatello 0 - New Orleans 0 |
BOTTOM OF THE 2ND |
New Orleans Looters batting - Pitching for Pocatello Bellas : RHP Nelson Ortega
|
Batting: SHB Oliver Deleón
|
0-0: Ball 1-0: Called Strike 1-1: Called Strike 1-2: Strikes out swinging
|
Batting: LHB Eduardo Rodríguez
|
0-0: Ball 1-0: Ground out 3-1 (Groundball, 3D)
|
Batting: RHB Dan Banks
|
0-0: Ball 1-0: Called Strike 1-1: Foul Ball, location: 2F 1-2: Ground out 3-1 (Groundball, 34S)
|
Bottom of the 2nd over - 0 runs, 0 hits, 0 errors, 0 left on base; Pocatello 0 - New Orleans 0 |
TOP OF THE 3RD |
Pocatello Bellas batting - Pitching for New Orleans Looters : LHP Dan Rogers
|
Batting: RHB Javier Deleón
|
0-0: Called Strike 0-1: Ball 1-1: Swinging Strike 1-2: Strikes out swinging
|
Batting: RHB Buck Jones
|
0-0: Called Strike 0-1: Foul Ball, location: 2F 0-2: Ball 1-2: Ball 2-2: SINGLE (Line Drive, 78S)
|
Batting: LHB Keith Beard
|
0-0: Ball 1-0: Ball 2-0: Ball 3-0: Called Strike 3-1: Base on Balls Buck Jones to second
|
Batting: SHB Shane Hutchinson
|
0-0: Called Strike 0-1: Foul Ball, location: 2F 0-2: Fly out, F9 (Flyball, 9S)
|
Batting: LHB Roberto García
|
0-0: Called Strike 0-1: Ball 1-1: Ball 2-1: Called Strike 2-2: Foul Ball, location: 2F 2-2: Fielders Choice at 2nd, 6-4 (Groundball, 6)
|
Top of the 3rd over - 0 runs, 1 hit, 0 errors, 2 left on base; Pocatello 0 - New Orleans 0 |
BOTTOM OF THE 3RD |
New Orleans Looters batting - Pitching for Pocatello Bellas : RHP Nelson Ortega
|
Batting: LHB Mario Álvarez
|
0-0: Called Strike 0-1: Fly out, F4 (Popup, 4)
|
Batting: RHB Kolomon Meise
|
0-0: Ball 1-0: Ball 2-0: Foul Ball, location: 2F 2-1: Foul Ball, location: 2F 2-2: Strikes out swinging
|
Batting: LHB Miguel Colón
|
0-0: Ball 1-0: Ball 2-0: Called Strike 2-1: Ground out 5-3 (Groundball, 5)
|
Bottom of the 3rd over - 0 runs, 0 hits, 0 errors, 0 left on base; Pocatello 0 - New Orleans 0 |
TOP OF THE 4TH |
Pocatello Bellas batting - Pitching for New Orleans Looters : LHP Dan Rogers
|
Batting: RHB Juan Rodríguez
|
0-0: Ball 1-0: Ground out U3 (Groundball, 3)
|
Batting: SHB Juan Castro
|
0-0: Ball 1-0: Fly out, F5 (Line Drive, 5)
|
Batting: RHB Júlio Figueroa
|
0-0: Foul Ball, location: 2F 0-1: Swinging Strike 0-2: SINGLE (Line Drive, 6MD)
|
Batting: RHB Francisco Ibarra
|
0-0: Called Strike 0-1: Called Strike 0-2: Foul Ball, location: 2F 0-2: Ball 1-2: Ball 2-2: Foul Ball, location: 2F 2-2: Ball 3-2: Foul Ball, location: 2F 3-2: 2-RUN HOME RUN (Flyball, 7LD), Distance : 349 ft
|
Batting: RHB Javier Deleón
|
0-0: Foul Ball, location: 2F 0-1: Foul Ball, location: 2F 0-2: Fly out, F8 (Flyball, 78S)
|
Top of the 4th over - 2 runs, 2 hits, 0 errors, 0 left on base; Pocatello 2 - New Orleans 0 |
BOTTOM OF THE 4TH |
New Orleans Looters batting - Pitching for Pocatello Bellas : RHP Nelson Ortega
|
Batting: RHB Rubén Vázquez
|
0-0: Ball 1-0: Foul Ball, location: 2F 1-1: Ball 2-1: Called Strike 2-2: Foul Ball, location: 2F 2-2: Ball 3-2: Base on Balls
|
Batting: SHB Arturo Sánchez
|
0-0: Ball 1-0: Called Strike 1-1: Ball 2-1: Called Strike 2-2: Grounds into double play, 5-4-3 (Groundball, 56)
|
Batting: RHB Dave O'Loan
|
0-0: Called Strike 0-1: Foul Ball, location: 2F 0-2: Strikes out swinging
|
Bottom of the 4th over - 0 runs, 0 hits, 0 errors, 0 left on base; Pocatello 2 - New Orleans 0 |
TOP OF THE 5TH |
Pocatello Bellas batting - Pitching for New Orleans Looters : LHP Dan Rogers
|
Batting: RHB Buck Jones
|
0-0: SINGLE (Groundball, 56D)
|
Batting: LHB Keith Beard
|
0-0: Ball 1-0: Ball 2-0: Ball 3-0: Base on Balls Buck Jones to second
|
Pitching: RHP Jason MacKnight
|
|
Batting: SHB Shane Hutchinson
|
0-0: Ball 1-0: Foul Ball, location: 2F 1-1: Ball 2-1: Ball 3-1: Called Strike 3-2: Base on Balls Buck Jones to third Keith Beard to second
|
Batting: LHB Roberto García
|
0-0: Ball 1-0: Foul Ball, location: 2F 1-1: Ball 2-1: SINGLE (Groundball, 34D) Buck Jones scores Keith Beard to third Shane Hutchinson to second Runner from 3rd tries for Home, SAFE, no throw
|
Batting: RHB Juan Rodríguez
|
0-0: Ball 1-0: Ball 2-0: Ball 3-0: Called Strike 3-1: DOUBLE (Line Drive, 7LM) Shane Hutchinson scores Roberto García to third
|
Batting: SHB Juan Castro
|
0-0: Swinging Strike 0-1: Ball 1-1: Swinging Strike 1-2: Strikes out swinging
|
Batting: RHB Júlio Figueroa
|
0-0: Foul Ball, location: 2F 0-1: Ball 1-1: SINGLE (Flyball, 78M) Roberto García scores Juan Rodríguez to third
|
Batting: RHB Francisco Ibarra
|
0-0: Called Strike 0-1: Ball 1-1: Foul Ball, location: 2F 1-2: Ball 2-2: SINGLE (Flyball, 89S) Juan Rodríguez scores Júlio Figueroa to second
|
Batting: RHB Javier Deleón
|
0-0: Ball 1-0: Swinging Strike 1-1: Called Strike 1-2: Strikes out looking
|
Batting: RHB Buck Jones
|
0-0: SINGLE (Groundball, 34D) Júlio Figueroa to third Francisco Ibarra to second
|
Batting: LHB Keith Beard
|
0-0: Ball 1-0: Ball 2-0: Ball 3-0: Base on Balls Júlio Figueroa scores Francisco Ibarra to third Buck Jones to second
|
Batting: SHB Shane Hutchinson
|
0-0: Ball 1-0: DOUBLE (Flyball, 8LXD) Francisco Ibarra scores Buck Jones scores Keith Beard to third Runner from 3rd tries for Home, SAFE, no throw
|
Batting: LHB Roberto García
|
0-0: Ball 1-0: Ball 2-0: Ball 3-0: Base on Balls
|
Batting: RHB Juan Rodríguez
|
0-0: DOUBLE (Line Drive, 7LM) Shane Hutchinson scores Roberto García to third Runner from 3rd tries for Home, SAFE, no throw
|
Batting: SHB Juan Castro
|
0-0: Called Strike 0-1: Ball 1-1: Foul Ball, location: 2F 1-2: SINGLE (Line Drive, 6M) Juan Rodríguez to third
|
Batting: RHB Júlio Figueroa
|
0-0: Foul Ball, location: 2F 0-1: Ball 1-1: Ball 2-1: Called Strike 2-2: Ball 3-2: Foul Ball, location: 2F 3-2: Fly out, F7 (Line Drive, 78M)
|
Top of the 5th over - 11 runs, 9 hits, 0 errors, 2 left on base; Pocatello 13 - New Orleans 0 |
BOTTOM OF THE 5TH |
New Orleans Looters batting - Pitching for Pocatello Bellas : RHP Nelson Ortega
|
Batting: SHB Oliver Deleón
|
0-0: Ball 1-0: Ball 2-0: Ground out 5-3 (Groundball, 5)
|
Batting: LHB Eduardo Rodríguez
|
0-0: Ball 1-0: Foul Ball, location: 2F 1-1: Ground out 5-3 (Groundball, 56)
|
Batting: RHB Dan Banks
|
0-0: Foul Ball, location: 2F 0-1: Fly out, F9 (Flyball, 89S)
|
Bottom of the 5th over - 0 runs, 0 hits, 0 errors, 0 left on base; Pocatello 13 - New Orleans 0 |
TOP OF THE 6TH |
Pocatello Bellas batting - Pitching for New Orleans Looters : RHP Jason MacKnight
|
Batting: RHB Francisco Ibarra
|
0-0: Ball 1-0: Foul Ball, location: 2F 1-1: Foul Ball, location: 2F 1-2: Strikes out swinging
|
Batting: RHB Javier Deleón
|
0-0: Called Strike 0-1: Called Strike 0-2: Foul Ball, location: 2F 0-2: Ball 1-2: Ball 2-2: Ball 3-2: DOUBLE (Line Drive, 7D)
|
Batting: RHB Buck Jones
|
0-0: Swinging Strike 0-1: Foul Ball, location: 2F 0-2: Ball 1-2: DOUBLE (Groundball, 5L) Javier Deleón scores
|
Batting: LHB Keith Beard
|
0-0: Foul Ball, location: 2F 0-1: Ball 1-1: Called Strike 1-2: Ball 2-2: Foul Ball, location: 2F 2-2: Ground out 6-3 (Groundball, 6M) Buck Jones to third
|
Batting: SHB Shane Hutchinson
|
0-0: Called Strike 0-1: Ball 1-1: Ball 2-1: Fly out, F8 (Flyball, 8RXD)
|
Top of the 6th over - 1 run, 2 hits, 0 errors, 1 left on base; Pocatello 14 - New Orleans 0 |
BOTTOM OF THE 6TH |
New Orleans Looters batting - Pitching for Pocatello Bellas : RHP Nelson Ortega
|
Batting: LHB Mario Álvarez
|
0-0: Called Strike 0-1: Ground out 1-3 (Groundball, 13S)
|
Batting: RHB Kolomon Meise
|
0-0: Foul Ball, location: 2F 0-1: Ball 1-1: Foul Ball, location: 2F 1-2: Strikes out swinging
|
Batting: LHB Miguel Colón
|
0-0: Called Strike 0-1: Ball 1-1: Ground out 6-3 (Groundball, 6)
|
Bottom of the 6th over - 0 runs, 0 hits, 0 errors, 0 left on base; Pocatello 14 - New Orleans 0 |
TOP OF THE 7TH |
Pocatello Bellas batting - Pitching for New Orleans Looters : RHP Jason MacKnight
|
Pitching: RHP Dale Downs
|
|
Pinch Hitting: RHB António Ortega
|
0-0: Ball 1-0: SINGLE (Line Drive, 6D)
|
Batting: RHB Juan Rodríguez
|
0-0: Called Strike 0-1: Ball 1-1: Grounds into double play, 6-4-3 (Groundball, 6M)
|
Batting: SHB Juan Castro
|
0-0: Ball 1-0: Foul Ball, location: 2F 1-1: Foul Ball, location: 2F 1-2: Foul Ball, location: 2F 1-2: Strikes out swinging
|
Top of the 7th over - 0 runs, 1 hit, 0 errors, 0 left on base; Pocatello 14 - New Orleans 0 |
BOTTOM OF THE 7TH |
New Orleans Looters batting - Pitching for Pocatello Bellas : RHP Nelson Ortega
|
Now at 1B: António Ortega
|
|
Batting: RHB Rubén Vázquez
|
0-0: Ball 1-0: Ball 2-0: Called Strike 2-1: Ball 3-1: SINGLE (Flyball, 3D)
|
Batting: SHB Arturo Sánchez
|
0-0: Ball 1-0: Called Strike 1-1: DOUBLE (Flyball, 89XD) Rubén Vázquez to third
|
Batting: RHB Dave O'Loan
|
0-0: Ball 1-0: SINGLE (Line Drive, 4MD) Rubén Vázquez scores Arturo Sánchez to third Runner from 3rd tries for Home, SAFE, throw made home
|
Batting: SHB Oliver Deleón
|
0-0: Ball Wild Pitch! Dave O'Loan to second 1-0: Foul Ball, location: 2F 1-1: Foul Ball, location: 2F 1-2: Ball 2-2: Ground out 4-3 (Groundball, 4) Dave O'Loan to third
|
Batting: LHB Eduardo Rodríguez
|
0-0: Ball 1-0: Ball 2-0: Ground out 6-3 (Groundball, 6) Dave O'Loan scores
|
Batting: RHB Dan Banks
|
0-0: Called Strike 0-1: Foul Ball, location: 2F 0-2: Strikes out looking
|
Bottom of the 7th over - 3 runs, 3 hits, 0 errors, 0 left on base; Pocatello 14 - New Orleans 3 |
TOP OF THE 8TH |
Pocatello Bellas batting - Pitching for New Orleans Looters : RHP Dale Downs
|
Batting: RHB Júlio Figueroa
|
0-0: Ball 1-0: Ground out 3-1 (Groundball, 34)
|
Batting: RHB Francisco Ibarra
|
0-0: Ball 1-0: Called Strike 1-1: Ball 2-1: Ball 3-1: Swinging Strike 3-2: Base on Balls
|
Batting: RHB Javier Deleón
|
0-0: Ball 1-0: Called Strike 1-1: Ball 2-1: Ball 3-1: Base on Balls Francisco Ibarra to second
|
Batting: RHB Buck Jones
|
0-0: Ball 1-0: Called Strike 1-1: Called Strike 1-2: SINGLE (Line Drive, 9LS) Francisco Ibarra to third Javier Deleón to second
|
Batting: LHB Keith Beard
|
0-0: Fielders Choice at 2nd, 6-4 (Groundball, 6D) Francisco Ibarra scores Javier Deleón to third
|
Batting: SHB Shane Hutchinson
|
0-0: Called Strike Pickoff Throw to First - Out!
|
Top of the 8th over - 1 run, 1 hit, 0 errors, 1 left on base; Pocatello 15 - New Orleans 3 |
BOTTOM OF THE 8TH |
New Orleans Looters batting - Pitching for Pocatello Bellas : RHP Nelson Ortega
|
Batting: LHB Mario Álvarez
|
0-0: Foul Ball, location: 2F 0-1: Ball 1-1: Fly out, F6 (Popup, 6MS)
|
Batting: RHB Kolomon Meise
|
0-0: Ball 1-0: Swinging Strike 1-1: Called Strike 1-2: Strikes out looking
|
Batting: LHB Miguel Colón
|
0-0: Ball 1-0: Swinging Strike 1-1: Foul Ball, location: 2F 1-2: Strikes out swinging
|
Bottom of the 8th over - 0 runs, 0 hits, 0 errors, 0 left on base; Pocatello 15 - New Orleans 3 |
TOP OF THE 9TH |
Pocatello Bellas batting - Pitching for New Orleans Looters : RHP Dale Downs
|
Batting: SHB Shane Hutchinson
|
0-0: Foul Ball, location: 2F 0-1: Ball 1-1: Called Strike 1-2: Foul Ball, location: 2F 1-2: Ball 2-2: Ball 3-2: SINGLE (Line Drive, 34)
|
Batting: RHB António Ortega
|
0-0: Ball 1-0: Ball 2-0: Grounds into double play, 5-4-3 (Groundball, 5)
|
Batting: RHB Juan Rodríguez
|
0-0: Called Strike 0-1: Foul Ball, location: 2F 0-2: Strikes out swinging
|
Top of the 9th over - 0 runs, 1 hit, 0 errors, 0 left on base; Pocatello 15 - New Orleans 3 |
BOTTOM OF THE 9TH |
New Orleans Looters batting - Pitching for Pocatello Bellas : RHP Nelson Ortega
|
Batting: RHB Rubén Vázquez
|
0-0: Ball 1-0: Called Strike 1-1: Called Strike 1-2: SINGLE (Line Drive, 78S)
|
Batting: SHB Arturo Sánchez
|
0-0: Foul Ball, location: 2F 0-1: SINGLE (Groundball, 4MD) Rubén Vázquez to second
|
Pitching: RHP Jing-xiang Fa
|
|
Batting: RHB Dave O'Loan
|
0-0: Ball 1-0: SINGLE (Line Drive, 6MD) Rubén Vázquez to third Arturo Sánchez to second
|
Batting: SHB Oliver Deleón
|
0-0: Ball 1-0: Foul Ball, location: 2F 1-1: Ball 2-1: Foul Ball, location: 2F 2-2: GRAND SLAM HOME RUN (Flyball, 9LD), Distance : 424 ft
|
Batting: LHB Eduardo Rodríguez
|
0-0: Ground out U3 (Groundball, 3L)
|
Batting: RHB Dan Banks
|
0-0: Ball 1-0: Ball 2-0: Called Strike 2-1: Ball 3-1: Swinging Strike 3-2: Foul Ball, location: 2F 3-2: Strikes out looking
|
Batting: LHB Mario Álvarez
|
0-0: Ball 1-0: SINGLE (Groundball, 3D)
|
Batting: RHB Kolomon Meise
|
0-0: Foul Ball, location: 2F 0-1: Ball 1-1: Foul Ball, location: 2F 1-2: Strikes out swinging
|
Bottom of the 9th over - 4 runs, 5 hits, 0 errors, 1 left on base; Pocatello 15 - New Orleans 7 |
|